Map: Babylon LE

Players

ForJumY

  • Race: Protoss Protoss
  • Spawn Location: 11:00

Reynor - Winner!

  • Race: Zerg Zerg
  • League: Master
  • Spawn Location: 5:00

Event: HomeStory Cup XXIII

VOD

Have the link to the VOD?

Description

Time

  • Played on: June 30, 2023, 6:31 a.m.
  • Length: 11:46

All games in this series

Show
View Real Time Build Order
Export as new Build Order

ForJumY Protoss 

Build Orders: 1 Gate Expand 

Get SALT Encoding   

  12  0:00  Probe  
  13  0:12  Probe  
  14  0:17  Pylon  
  14  0:24  Probe  
  15  0:36  Probe (Chrono Boost)  
  15  0:38  Gateway  
  16  0:48  Probe (Chrono Boost), Assimilator  
  17  0:53  Probe (Chrono Boost)  
  18  1:02  Probe  
  19  1:15  Probe  
  20  1:25  Nexus  
  20  1:40  Cybernetics Core  
  20  1:42  Probe  
  20  1:45  Assimilator  
  21  1:53  Pylon  
  21  1:55  Probe (Chrono Boost)  
  22  2:07  Probe (Chrono Boost)  
  23  2:13  Probe (Chrono Boost), Stalker (Chrono Boost)  
  24  2:19  Warp Gate  
  24  2:21  Probe  
  27  2:27  Robotics Facility  
  27  2:36  Adept  
  30  2:38  Probe (Chrono Boost)  
  30  2:41  Probe (Chrono Boost)  
  33  2:51  Probe (Chrono Boost)  
  33  2:52  Probe (Chrono Boost)  
  33  2:56  Probe (Chrono Boost)  
  34  3:00  Probe  
  35  3:06  Adept  
  35  3:07  Probe  
  35  3:12  Probe  
  39  3:15  Robotics Bay  
  39  3:18  Robotics Facility  
  39  3:19  Probe  
  40  3:26  Gateway  
  40  3:27  Probe  
  40  3:31  Pylon  
  40  3:33  Probe  
  42  3:40  Assimilator  
  42  3:42  Probe  
  42  3:43  Assimilator  
  42  3:46  Warp Prism (Chrono Boost)  
  43  3:53  Probe  
  46  4:01  Probe, Pylon  
  47  4:07  Disruptor  
  50  4:15  Probe  
  47  4:17  Adept  
  47  4:19  Disruptor  
  52  4:24  Stalker  
  52  4:26  Probe  
  52  4:28  Probe  
  54  4:38  Probe  
  55  4:41  Zealot  
  55  4:42  Disruptor  
  55  4:50  Adept  
  56  4:52  Probe  
  56  5:05  Adept  
  56  5:06  Probe  
  59  5:08  Probe  
  60  5:18  Probe  
  61  5:22  Pylon  
  61  5:25  Pylon  
  61  5:26  Probe  
  62  5:37  Pylon  
  62  5:38  Disruptor (Chrono Boost)  
  62  5:39  Warp Prism (Chrono Boost)  
  67  5:46  Pylon, Gravitic Drive (Chrono Boost)  
  67  5:54  Sentry x2  
  71  6:06  Disruptor  
  74  6:13  Colossus (Chrono Boost)  
  80  6:22  Gateway  
  80  6:24  Probe, Gateway  
  81  6:26  Gateway  
  81  6:46  Gateway  
  87  6:47  Gateway  
  87  6:48  Colossus (Chrono Boost)  
  87  6:55  Pylon  
  87  6:56  Pylon  
  87  7:04  Colossus (Chrono Boost)  
  93  7:20  Probe  
  93  7:22  Pylon  
  94  7:32  Colossus (Chrono Boost)  
  100  7:47  Colossus (Chrono Boost)  
  103  7:59  Stalker x3  
  109  8:16  Immortal (Chrono Boost)  
  110  8:29  Zealot x3  
  116  8:34  Pylon  
  116  8:35  Pylon  
  116  8:51  Immortal (Chrono Boost), Pylon  
  116  8:52  Pylon  
  119  8:59  Immortal (Chrono Boost)  
  119  9:08  Pylon x2  
  119  9:11  Pylon  
  119  9:12  Zealot x2  
  123  9:19  Immortal (Chrono Boost), Sentry x5  
  141  9:38  Immortal (Chrono Boost)  
  141  9:40  Adept x2  
  145  9:51  Observer, Stalker x5  
  152  10:04  Extended Thermal Lance (Chrono Boost)  
  152  10:19  Disruptor  
  155  10:21  Zealot x3  
  155  10:22  Zealot x4  
  155  10:27  Pylon  
  169  10:30  Disruptor  
  172  10:55  Disruptor, Adept x3  
  181  11:02  Pylon  
  181  11:03  Pylon  
Show
View Real Time Build Order
Export as new Build Order

Reynor Zerg - Winner!

Build Orders: Hatch First 

Get SALT Encoding   

  12  0:00  Drone  
  13  0:12  Overlord  
  13  0:16  Drone  
  14  0:30  Drone x2  
  16  0:48  Hatchery  
  15  0:51  Drone  
  15  0:55  Drone  
  17  1:09  Spawning Pool  
  16  1:11  Drone  
  16  1:16  Extractor, Drone  
  17  1:30  Drone  
  18  1:42  Drone  
  19  1:52  Drone  
  20  1:55  Queen  
  20  1:58  Overlord  
  20  2:00  Queen, Drone  
  25  2:03  Drone  
  26  2:10  Zergling x2  
  26  2:11  Zergling x2  
  28  2:17  Metabolic Boost  
  28  2:21  Drone  
  29  2:23  Drone  
  30  2:32  Drone  
  30  2:33  Drone  
  32  2:42  Hatchery  
  31  2:45  Drone  
  31  2:49  Overlord  
  32  2:53  Drone  
  32  2:54  Drone  
  34  3:00  Queen  
  36  3:07  Queen  
  36  3:10  Drone  
  36  3:11  Drone  
  40  3:14  Drone  
  40  3:15  Drone  
  40  3:18  Overlord  
  42  3:21  Zergling x2  
  42  3:25  Drone  
  44  3:29  Overlord  
  44  3:36  Roach Warren  
  44  3:37  Drone  
  44  3:40  Drone, Zergling x4  
  44  3:41  Zergling x2  
  48  3:48  Drone  
  49  3:50  Queen, Drone  
  49  3:53  Drone x2  
  49  3:55  Zergling x2  
  55  3:57  Zergling x2  
  55  4:01  Overlord  
  56  4:03  Zergling x2  
  57  4:12  Zergling x4  
  57  4:15  Drone x3  
  57  4:16  Drone x2  
  63  4:17  Spore Crawler  
  63  4:18  Drone  
  63  4:20  Drone  
  63  4:23  Overlord  
  64  4:25  Drone  
  64  4:26  Drone  
  64  4:31  Drone  
  66  4:35  Drone  
  66  4:39  Lair  
  66  4:40  Extractor  
  66  4:41  Drone x2  
  66  4:45  Drone  
  66  4:46  Drone  
  66  4:49  Overlord  
  66  4:50  Drone x3  
  66  4:52  Drone  
  71  4:55  Queen  
  71  4:58  Overlord  
  73  5:03  Drone x3  
  73  5:05  Overlord  
  75  5:11  Spore Crawler  
  75  5:12  Zergling x4  
  75  5:14  Spore Crawler  
  75  5:16  Baneling Nest  
  75  5:17  Zergling x2  
  75  5:19  Zergling x2  
  76  5:23  Zergling x2  
  76  5:25  Zergling x6  
  76  5:26  Drone x2  
  76  5:27  Overlord  
  82  5:31  Queen  
  82  5:33  Extractor, Queen  
  82  5:35  Drone x3  
  88  5:38  Glial Reconstitution  
  88  5:39  Drone  
  88  5:40  Extractor, Overlord  
  88  5:41  Zergling x4  
  90  5:46  Overlord  
  90  5:48  Zergling x2  
  91  5:50  Drone  
  91  5:53  Drone x3  
  91  5:54  Overlord  
  95  6:01  Overlord  
  95  6:03  Centrifugal Hooks  
  95  6:06  Extractor, Drone  
  95  6:07  Drone x4  
  95  6:08  Extractor, Overlord  
  95  6:10  Drone x2  
  100  6:11  Overlord  
  100  6:15  Roach  
  104  6:18  Roach  
  104  6:21  Roach x2  
  104  6:23  Roach  
  112  6:25  Roach  
  112  6:26  Roach  
  112  6:29  Roach x2  
  112  6:30  Hatchery  
  112  6:32  Roach  
  119  6:35  Roach  
  119  6:37  Overlord  
  121  6:42  Roach x3  
  127  6:49  Roach x3  
  127  6:51  Overlord  
  136  6:54  Roach, Zergling x10  
  137  7:01  Roach x2  
  137  7:03  Overlord  
  141  7:10  Roach  
  141  7:11  Roach, Ravager  
  148  7:15  Roach  
  148  7:19  Zergling x6  
  148  7:20  Overlord  
  151  7:23  Zergling x6  
  151  7:26  Zergling x4  
  158  7:32  Zergling x6  
  158  7:35  Zergling x4  
  158  7:36  Overlord  
  154  7:45  Roach  
  154  7:46  Zergling x2  
  154  7:48  Zergling x4  
  154  7:49  Zergling x6  
  162  7:52  Baneling x7  
  162  7:53  Baneling x29  
  162  7:54  Zergling x4  
  162  7:58  Zergling x2  
  165  7:59  Zergling x4  
  165  8:05  Zergling x6  
  170  8:10  Overseer  
  170  8:16  Baneling x10  
  170  8:17  Zergling x2  
  170  8:18  Zergling x12  
  177  8:21  Overlord  
  177  8:27  Zergling x12  
  183  8:35  Zergling x8  
  183  8:36  Zergling x2  
  188  8:44  Zergling x16  
  188  8:46  Overlord  
  196  8:53  Drone  
  196  8:54  Evolution Chamber  
  196  8:56  Baneling x19  
  196  9:01  Zergling x8  
  200  9:12  Baneling  
  200  9:13  Baneling x22  
  200  9:25  Zergling x22  
  200  9:27  Zerg Melee Weapons Level 1  
  200  9:29  Drone  
  195  9:31  Ravager x3  
  195  9:32  Ravager  
  199  9:44  Drone  
  200  9:45  Drone  
  197  9:54  Drone x3  
  200  10:00  Baneling x6  
  200  10:01  Baneling x5  
  200  10:10  Drone, Infestation Pit  
  200  10:14  Drone x2, Spore Crawler, Hatchery  
  199  10:28  Baneling x10  
  199  10:29  Baneling x11  
  199  11:05  Drone  
  200  11:15  Evolution Chamber  
Tags
 
Add a new tag
Caveats
  • Supply blocks, unpowered buildings, or Contaminate may cause inaccurate times.
  • Supply counts are checked every 10 seconds.